AoeStats
← javierazanza90

Lombardia

509653247Analyzed
2v2 RM · 4d ago on Sep 27, 2026· 68m 1s· 4 players
Game mode
Random Map
Map size
Medium (4 player)
Population
200
Speed
Normal
Resources
Standard
Victory
Conquest
Starting age
Dark Age
Ending age
Imperial Age
RankedLock teamsTeams togetherTeam positionsShared explorationLock speedFull tech treeHidden civsTurbo modeCheats
Victory
Defeat
🇩🇪 Danes · Germany
611
+13
🇪🇸 Goths · Spain
586
+13
🇪🇸 Gurjaras · Spain
543
-13
🇪🇸 Chinese · Spain
538
-13
javierazanza90
0:32 Loom
12:11 Feudal Age
13:31 Gold Mining
13:32 Stone Mining
13:43 Horse Collar
13:51 Double-Bit Axe
16:19 Scale Barding Armor
21:06 Bloodlines
24:57 Castle Age
27:23 Husbandry
28:15 Chain Barding Armor
31:07 Heavy Plow
34:17 Wheelbarrow
36:20 Imperial Age
36:26 Kshatriyas
38:54 Heavy Camel Rider
44:03 Hoardings
50:16 Frontier Guards
52:10 Conscription
52:17 Bow Saw
52:41 Crop Rotation
56:14 Elite Chakram Thrower
62:41 Wheelbarrow
lursua91
0:40 Loom
13:52 Feudal Age
16:13 Double-Bit Axe
17:27 Horse Collar
17:42 Gold Mining
17:43 Stone Mining
18:33 Padded Archer Armor
18:23 Fletching
28:32 Castle Age
31:53 Bodkin Arrow
32:02 Heavy Plow
32:39 Caravan
33:10 Coinage
34:38 Bow Saw
34:19 Crossbowman
36:21 Thumb Ring
41:16 Great Wall
48:07 Murder Holes
48:23 Fortified Wall
48:33 Ballistics
48:04 Guard Tower
48:25 Masonry
54:51 Gold Shaft Mining
54:52 Stone Shaft Mining
58:47 Imperial Age
60:06 Architecture
60:37 Chemistry
63:14 Conscription
GiulioSalmo
0:27 Loom
9:55 Feudal Age
11:13 Wheelbarrow
10:24 Town Watch
10:33 Horse Collar
11:40 Double-Bit Axe
15:39 Arson
16:29 Man-at-Arms
17:19 Gold Mining
19:02 Scale Mail Armor
20:05 Bloodlines
25:39 Castle Age
25:46 Long Swordsman
26:13 Gambesons
26:29 Squires
25:57 Pikeman
26:57 Bow Saw
27:30 Chain Mail Armor
27:52 Stone Mining
29:29 Caravan
35:46 Murder Holes
37:22 Ballistics
38:14 Masonry
40:55 Sanctity
43:05 Gold Shaft Mining
44:16 Hand Cart
46:45 Heavy Plow
51:57 Town Patrol
53:13 Coinage
57:14 Imperial Age
55:15 Fervor
55:26 Forging
57:19 Capped Ram
57:29 Onager
58:58 Two-Handed Swordsman
58:59 Halberdier
60:48 Iron Casting
60:12 Hamask
61:14 Conscription
61:36 Elite Varangian Guard
63:27 Banking
64:30 Chemistry
63:16 Arrowslits
65:24 Siege Ram
67:36 Hoardings
Leifnas
12:20 Feudal Age
14:02 Double-Bit Axe
17:37 Man-at-Arms
18:11 Horse Collar
19:57 Wheelbarrow
19:10 Loom
20:54 Fletching
22:13 Padded Archer Armor
25:01 Town Watch
26:08 Town Watch
28:36 Castle Age
27:20 Scale Barding Armor
27:16 Scale Mail Armor
27:26 Forging
28:56 Long Swordsman
28:58 Pikeman
29:45 Squires
31:41 Crossbowman
36:56 Hand Cart
36:41 Town Patrol
36:54 Bow Saw
36:48 Heavy Plow
36:46 Gold Mining
37:16 Leather Archer Armor
36:57 Bodkin Arrow
37:26 Chain Barding Armor
37:21 Chain Mail Armor
37:42 Iron Casting
41:59 Imperial Age
44:35 Two-Man Saw
43:20 Two-Handed Swordsman
44:52 Halberdier
49:48 Champion
50:36 Bracer
51:12 Stone Mining
51:59 Crop Rotation
52:36 Chemistry
51:56 Ballistics
51:48 Masonry
55:48 Ring Archer Armor
56:19 Blast Furnace
63:46 Bloodlines
62:56 Light Cavalry
62:57 Cavalier
63:37 Husbandry
65:36 Coinage
Connection lost

Rejoining the realm…

Still unreachable

The connection could not be restored.

Session expired

The server has moved on; the page needs a fresh start.